 Dungeon Crawl Stone Soup version 0.21-a0-352-g5b8f553 (webtiles) character file.

10 tidbits the Charmwright (level 2, 5/26 HPs)
             Began as a Gnoll Skald on Oct 10, 2017.
             Quit the game on level 2 of the Dungeon.
             The game lasted 00:00:54 (141 turns).

tidbits the Charmwright (Gnoll Skald)                Turns: 141, Time: 00:00:56

Health: 5/26       AC:  6    Str: 13    XL:     2   Next: 20%
Magic:  1/7        EV: 12    Int: 15    God:
Gold:   16         SH:  0    Dex: 14    Spells: 9/10 levels left

rFire    . . .     SeeInvis .   a - +0 hand axe
rCold    . . .     Gourm    .   (no shield)
rNeg     . . .     Faith    .   B - +0 ring mail
rPois    .         Spirit   .   E - +0 helmet
rElec    .         Reflect  .   (no cloak)
rCorr    .         Harm     .   (no gloves)
MR       .....                  (no boots)
Stlth    +.........             (no amulet)
HPRegen  0.08/turn              (no ring)
MPRegen  0.10/turn              (no ring)

@: infused
A: distributed training, fangs 1, strong nose
a: no special abilities


You were on level 2 of the Dungeon.
You were not hungry.

You visited 1 branch of the dungeon, and saw 3 of its levels.

You collected 16 gold pieces.

Inventory:

Hand Weapons
 a - a +0 hand axe (weapon)
Armour
 b - a +0 leather armour
 B - a +0 ring mail (worn)
 E - a +0 helmet (worn)
Scrolls
 e - a scroll of identify {unknown}
Books
 c - a book of Battle

   Spells                             Type                      Level
   a - Infusion                       Charms                       1
   b - Shroud of Golubria             Charms/Translocation         2
   c - Song of Slaying                Charms                       2
   d - Spectral Weapon                Hexes/Charms                 3
   e - Regeneration                   Charms/Necromancy            3
Comestibles
 d - a bread ration


   Skills:
 + Level 4.4 Fighting
 + Level 0.3 Short Blades
 + Level 0.3 Long Blades
 + Level 4.4 Axes
 + Level 0.3 Maces & Flails
 + Level 0.3 Polearms
 + Level 0.3 Staves
 + Level 0.3 Slings
 + Level 0.3 Bows
 + Level 0.3 Crossbows
 + Level 0.3 Throwing
 + Level 2.4 Armour
 + Level 4.4 Dodging
 + Level 0.3 Stealth
 + Level 0.3 Shields
 + Level 0.3 Unarmed Combat
 + Level 4.9 Spellcasting
 + Level 0.3 Conjurations
 + Level 0.3 Hexes
 + Level 6.4 Charms
 + Level 0.3 Summonings
 + Level 0.3 Necromancy
 + Level 0.3 Translocations
 + Level 0.3 Transmutations
 + Level 0.3 Fire Magic
 + Level 0.3 Ice Magic
 + Level 0.3 Air Magic
 + Level 0.3 Earth Magic
 + Level 0.3 Poison Magic
 + Level 0.3 Invocations
 + Level 0.3 Evocations


You had 9 spell levels left.
You knew the following spells:

 Your Spells              Type           Power        Failure   Level  Hunger
i - Infusion              Chrm           ###.         2%          1    None


Dungeon Overview and Level Annotations

Branches:
Dungeon (3/15)

Altars:


Innate Abilities, Weirdness & Mutations

Your experience applies equally to all skills.
You have very sharp teeth.
Your uncanny sense of smell can sniff out nearby items.


Message History

You start putting on your armour.
You continue putting on your ring mail. x5
You finish putting on your +0 ring mail.
Adjust (i)tems, (s)pells, or (a)bilities?
Adjust which item? (? for menu, Esc to quit)
f - a +0 ring mail (worn)
Adjust to which letter? (? for menu, Esc to quit)
B - a +0 ring mail (worn)
There is a stone staircase leading down here.
You climb downwards.
A hobgoblin comes into view. It is wielding a club.
The hobgoblin shouts!
There is a stone staircase leading up here.
Casting: Infusion
Confirm with . or Enter, or press ? or * to list all spells.
You begin infusing your attacks with magical energy.
You hit the hobgoblin.
The hobgoblin is moderately wounded.
You closely miss the hobgoblin.
The hobgoblin is moderately wounded.
The hobgoblin hits you but does no damage.
You slash the hobgoblin!
You kill the hobgoblin!
You see here a club.
Found 16 gold pieces.
Found 12 stones.
You now have 16 gold pieces.
You see here 12 stones.
Found an escape hatch in the floor.
A jackal comes into view.
Your magical infusion is running out.
The jackal barks!
Found a ring mail.
Found a stone staircase leading down.
There is an escape hatch in the floor here.
The jackal barely misses you.
You hit the jackal.
You kill the jackal!
You see here a jackal corpse.
You are no longer magically infusing your attacks.
You see here a ring mail.
A jackal comes into view.
There is a stone staircase leading down here.
The jackal barks!
You climb downwards.
You hear the sound of rushing water.
There is an entrance to a sewer on this level.
Hurry and find it before the portal rusts away!
A worm and 2 orcs come into view.
The orc shouts! x2
Found 11 gold pieces and a scroll labeled SUTECE PUDAE.
Found a stone staircase leading down.
There is a stone staircase leading up here.
Found a scroll labeled WIUDAHIEPN.
An orc comes into view. It is wielding a vampiric dagger.
The orc shouts!
The orc moves out of view.
There is a stone staircase leading up here.
Casting: Infusion
Confirm with . or Enter, or press ? or * to list all spells.
You begin infusing your attacks with magical energy.
You hit the orc.
The orc is heavily wounded.
The orc hits you but does no damage.
You barely miss the orc.
The orc is heavily wounded.
You hit the orc.
You kill the orc!
You hit the orc!
You kill the orc!
You have reached level 2!
You closely miss the orc. The orc hits you but does no damage.
You hit the orc.
The orc is almost dead.
The orc hits you with a short sword. x2
You hit the orc!
You kill the orc!
You hit the worm.
The worm is moderately wounded.
You barely miss the worm.
The worm is moderately wounded.
The worm closely misses you.
You hit the worm.
The worm is moderately wounded.
The worm bites you!
* * * LOW HITPOINT WARNING * * *
A jackal comes into view.
The jackal barks!
A frilled lizard comes into view.
A jackal comes into view. x2
The jackal barks!
The jackal closely misses you.
Found a mace.
The jackal barely misses you. The jackal closely misses you.
There is a stone staircase leading up here.
The jackal bites you but does no damage.
The worm bites you!
* * * LOW HITPOINT WARNING * * *
You climb upwards.
The jackal closely misses you. x2
There is a stone staircase leading down here.
Are you sure you want to abandon this character and quit the game? (Confirm with "yes".)

###############
......h@h......
#######w.......
#.####### #.#
#.# #†# #.# #>#
.### # #.#
#.##. .


You could see a worm and 2 jackals.

Vanquished Creatures
  3 orcs (D:3)
  2 hobgoblins
  A jackal (D:2)
6 creatures vanquished.

Notes
Turn   | Place    | Note
-------+----------+-------------------------------------------
     0 | D:1      | tidbits the Gnoll Skald began the quest for the Orb.
     0 | D:1      | Reached XP level 1. HP: 20/20 MP: 6/6
   125 | D:3      | Reached XP level 2. HP: 26/26 MP: 2/7
   141 | D:2      | Quit the game

Vault maps used:
D:1:      roderic_crop_circles_arrival_small, roderic_roman_lattice,
          minmay_misc_feat_rugged, kennysheep_doodads
D:2:      nicolae_overflow_crystal_walls, chequers_ecumenical_altar_island
D:3:      dancing_weapons_uskayaw, portal_sewer_entry_d

Action                   || total
-------------------------++-------
Melee: Hand axe          ||    13
 Cast: Infusion          ||     3
Armor: Ring mail         ||     3
Dodge: Dodged            ||     7

Table legend:
 A = Spawn XP
 B = Non-spawn XP
 C = Spawn XP percentage of total XP
 D = Spawn monster count
 E = Non-spawn monster count
 F = Spawn count percentage of total count
 G = Total turns spent on level
                    A         B        C        D         E        F      G
               +---------+---------+-------+---------+---------+-------+---------
         Total |       0 |      15 |   0.0 |       0 |       6 |   0.0 |   141
               +---------+---------+-------+---------+---------+-------+---------
           D:1 |       0 |       2 |   0.0 |       0 |       1 |   0.0 |    79
           D:2 |       0 |       4 |   0.0 |       0 |       2 |   0.0 |    39
           D:3 |       0 |       9 |   0.0 |       0 |       3 |   0.0 |    23
               +---------+---------+-------+---------+---------+-------+---------

Table legend:
 A = Turns spent in this place as a percentage of turns spent in the entire game.
 B = Non-inter-level travel turns spent in this place as a percentage of non-inter-level travel turns spent in the entire game.
 C = Inter-level travel turns spent in this place as a percentage of turns spent in this place.
 D = Turns resting spent in this place as a percentage of non-inter-level travel turns spent in this place.
 E = Turns spent auto-exploring this place as a percentage of non-inter-level travel turns spent in this place.
 F = Non-inter-level travel turns spent in this place divided by the number of levels of this place that you've seen.
                   A       B       C       D       E      F
               +-------+-------+-------+-------+-------+----------------------
         Total | 100.0 | 100.0 |   0.0 |   0.0 |   0.0 |  47.0
       Dungeon | 100.0 | 100.0 |   0.0 |   0.0 |   0.0 |  47.0
               +-------+-------+-------+-------+-------+----------------------

Table legend:
 A = Kills in this place as a percentage of kills in entire the game.
 B = Kills by you in this place as a percentage of kills by you in the entire game.
 C = Kills by friends in this place as a percentage of kills by friends in the entire game.
 D = Other kills in this place as a percentage of other kills in the entire game.
 E = Experience gained in this place as a percentage of experience gained in the entire game.
 F = Experience gained in this place divided by the number of levels of this place that you have seen.
                   A       B       C       D       E      F
               +-------+-------+-------+-------+-------+----------------------
         Total | 100.0 | 100.0 |   N/A |   N/A | 100.0 |   5.0
       Dungeon | 100.0 | 100.0 |   N/A |   N/A | 100.0 |   5.0
               +-------+-------+-------+-------+-------+----------------------

Vault maps used:
D:1:      roderic_crop_circles_arrival_small, roderic_roman_lattice,
          minmay_misc_feat_rugged, kennysheep_doodads
D:2:      nicolae_overflow_crystal_walls, chequers_ecumenical_altar_island
D:3:      dancing_weapons_uskayaw, portal_sewer_entry_d
